 Dungeon Crawl Stone Soup version 0.24.0-1-gfbc8707122 (webtiles) character file.

Game seed: 2580502599332527981, levelgen mode: deterministic

148 Froggeryz the Conjurer (level 5, -1/24 HPs)
             Began as a Vine Stalker Conjurer on Oct 27, 2019.
             Slain by an orc wizard
             ... wielding a +0 dagger
              (5 damage)
             ... on level 3 of the Dungeon.
             The game lasted 00:04:45 (2445 turns).

Froggeryz the Conjurer (Vine Stalker Conjurer)      Turns: 2445, Time: 00:04:46

Health: -1/24      AC:  2    Str: 10    XL:     5   Next: 30%
Magic:  0/9        EV: 12    Int: 16    God:
Gold:   228        SH:  0    Dex: 15    Spells: 5/8 levels left

rFire    . . .     SeeInvis .   (no weapon)
rCold    . . .     Gourm    .   (no shield)
rNeg     . . .     Faith    .   a - +0 robe
rPois    .         Spirit   +   (no helmet)
rElec    .         Reflect  .   b - +1 cloak
rCorr    .         Harm     .   (no gloves)
MR       .....                  (no boots)
Stlth    ++........             (no amulet)
HPRegen  0.48/turn              i - -2 ring of protection (curse)
MPRegen  0.11/turn              (no ring)

@: no status effects
A: fangs 2, regeneration 1, magic shield, antimagic bite, no potion heal 3, rot
immunity
a: no special abilities


You were on level 3 of the Dungeon.
You were not hungry.

You visited 1 branch of the dungeon, and saw 3 of its levels.

You collected 228 gold pieces.

Inventory:

Armour
 a - a +0 robe (worn)
 b - a +1 cloak (worn)
Jewellery
 i - a cursed -2 ring of protection (left hand)
Wands
 p - a wand of flame (39)
Scrolls
 g - 5 scrolls of identify
 k - a scroll of remove curse {unknown}
 l - 2 scrolls of teleportation
 m - 2 scrolls of magic mapping {unknown}
 n - a scroll of immolation {unknown}
Potions
 d - a potion of haste {unknown}
 e - a potion of ambrosia {unknown}
 f - a potion of flight
 h - 2 potions of curing {unknown}
 j - a potion of cancellation {unknown}
 o - a potion of degeneration {unknown}
Comestibles
 c - 7 rations
 q - a chunk of flesh


   Skills:
 - Level 1.5 Dodging
 - Level 2.4 Stealth
 - Level 2.1 Spellcasting
 + Level 6.4 Conjurations


You had 5 spell levels left.
You knew the following spells:

 Your Spells              Type           Power        Failure   Level  Hunger
a - Magic Dart            Conj           ###.         1%          1    #......
b - Searing Ray           Conj           ###...       2%          2    ###....

Your spell library contained the following spells:

 Spells                   Type           Power        Failure   Level  Hunger
 Iskenderun's Mystic Bla  Conj           ###.....     14%         4    #####..
 Dazzling Spray           Conj/Hex       ##....       16%         3    ###....
 Force Lance              Conj/Tloc      ##......     47%         4    #####..
 Fulminant Prism          Conj/Hex       ##........   47%         4    #####..


Dungeon Overview and Level Annotations

Branches:
Dungeon (3/15)

Altars:
Dithmenos
Gozag


Innate Abilities, Weirdness & Mutations

You have extremely sharp teeth.
Your natural rate of healing is unusually fast.
When hurt, damage is shared between your health and your magic reserves.
Your bite disrupts and absorbs the magic of your enemies.
Potions cannot restore your health.
You are immune to rotting.


Message History

The orc wizard hits you with a +0 dagger.
* * * LOW HITPOINT WARNING * * *
The orc wizard hits you but does no damage.
You hit the orc wizard.
The orc wizard is severely wounded.
The orc wizard barely misses you.
You closely miss the orc wizard. Your bite misses the orc wizard.
The orc wizard is severely wounded.
The orc wizard barely misses you.
The orc wizard hits you but does no damage.
You hit the orc wizard but do no damage.
The orc wizard is severely wounded.
The orc wizard falters for a moment.
You hit the orc wizard.
You bite the orc wizard, but do no damage.
The orc wizard is almost dead.
The orc wizard hits you with a +0 dagger.
* * * LOW HITPOINT WARNING * * *
The orc wizard hits you with a +0 dagger.
You die...

### #########
#.. ........#
#.# #....####
#.# #........
#.# #...÷.###
##############.#
#...#....
#...........##o#
#......##
#.#########))@.#
#..#.#.# #.#
####.# #.##.#.#
#.# #... ...
#.#.# #.#
≈.≈.....#. #.#.#
#.#
.≈.≈#####.##.#.#
#.# #...##
#.##.#.# #.#
#.≈.# #.##.#.##
#.# #...#
#.##.#... #.#
#.##.....


You could see an orc wizard.

Vanquished Creatures
  Terence (D:2)
  2 adders (D:3)
  4 gnolls (D:3)
  An ooze (D:2)
  2 worms (D:2)
  A dart slug (D:2)
  4 leopard geckos
  4 orcs (D:3)
  7 bats
  4 giant cockroaches
  5 goblins
  3 hobgoblins
  3 kobolds (D:2)
  2 ball pythons
  2 frilled lizards
  4 rats
49 creatures vanquished.

Notes
Turn   | Place    | Note
-------+----------+-------------------------------------------
     0 | D:1      | Froggeryz the Vine Stalker Conjurer began the quest for the
                  | Orb.
     0 | D:1      | Reached XP level 1. HP: 9/9 MP: 4/4
   234 | D:1      | Reached XP level 2. HP: 13/13 MP: 6/6
   458 | D:1      | Learned a level 2 spell: Searing Ray
  1040 | D:2      | Reached XP level 3. HP: 13/16 MP: 5/7
  1168 | D:2      | Reached skill level 5 in Conjurations
  1585 | D:2      | Noticed Terence
  1619 | D:2      | Killed Terence
  1619 | D:2      | Gained mutation: Your natural rate of healing is unusually
                  | fast. [Vine Stalker growth]
  1619 | D:2      | Reached XP level 4. HP: 19/21 MP: 0/8
  1739 | D:3      | Found an opulent altar of Gozag.
  1982 | D:3      | Found a shadowy altar of Dithmenos.
  2018 | D:3      | Reached skill level 6 in Conjurations
  2283 | D:3      | Reached XP level 5. HP: 16/24 MP: 0/9
  2445 | D:3      | Slain by an orc wizard

Levels and vault maps discovered:
D:1:      wander_arrival_abandoned_jail, layout_basic
D:2:      layout_basic, chequers_serial_rivers_large_a, kennysheep_another_room,
          uniq_terence
D:3:      layout_loops_ring, nicolae_ru_path_of_blood, lemuel_round_altar,
          nicolae_dithmenos_shadow_blocks

Skill      XL: |  1  2  3  4 |
---------------+-------------+-----
Conjurations   | 5 6 |  6.4
Dodging        | |  1.5
Stealth        | |  2.4
Spellcasting   | |  2.1

Action                   |  1- 3 |  4- 6 || total
-------------------------+-------+-------++-------
Melee: Unarmed           |    41 |    21 ||    62
       Bite              |    17 |     7 ||    24
 Cast: Magic Dart        |    67 |    41 ||   108
       Searing Ray       |     2 |     4 ||     6
  Use: Scroll            |     2 |       ||     2
  Eat: Chunk             |     3 |     4 ||     7
Armor: Robe              |    21 |     3 ||    24
Dodge: Dodged            |    19 |    18 ||    37
